 Dungeon Crawl Stone Soup version 0.31-a0-83-gbff143cfd1 (webtiles) character file.

Game seed: 10658455214636602769

12389 ragingrage the Skirmisher (level 11, 0/89 HPs)
             Began as an Armataur Artificer on May 24, 2023.
             Was an Initiate of Gozag.
             Shot with an arrow by Nessos (10 damage)
             ... on level 12 of the Dungeon.
             The game lasted 00:20:53 (16448 turns).

ragingrage the Skirmisher (Armataur Artificer)     Turns: 16448, Time: 00:20:54

Health: 0/89       AC: 17    Str: 18    XL:     11   Next: 61%
Magic:  11/11      EV:  8    Int:  6    God:    Gozag
Gold:   965        SH:  0    Dex: 17    Spells: 10/10 levels left

rFire   . . .        a - +8 storm bow {elec, penet}
rCold   + + .        (shield currently unavailable)
rNeg    + . .        N - +4 ring mail of Day {rC++ Regen+ Int-5 Dex+2}
rPois   .            r - +2 helmet
rElec   .            q - +0 cloak
rCorr   .            x - +2 pair of gloves
SInv    .            (no barding)
Will    +....        (no amulet)
Stlth   +            F - ring of positive energy
HPRegen 1.14/turn    A - ring of willpower
MPRegen 0.12/turn

%: roll
@: lethally poisoned (0 -> -21), studying Throwing
A: large, rugged brown scales 3, deformed body, armoured tail, roll, long
tongue, awkward tongue
a: Renounce Religion, Potion Petition, Call Merchant, Bribe Branch


You were on level 12 of the Dungeon.
You worshipped Gozag.
Gozag was pleased with you.
You visited 1 branch of the dungeon, and saw 12 of its levels.
You also visited: Sewer and Ossuary.

You collected 2427 gold pieces.
You spent 1407 gold pieces at shops.
You paid 55 gold pieces to Gozag.

Inventory:

Hand Weapons
 a - the +8 storm bow (weapon) {elec, penet}
   (You bought it in a shop on level 5 of the Dungeon)
 g - a +0 dagger
Missiles
 b - 2 throwing nets
 j - 42 poisoned darts
 m - 11 javelins
 B - 3 atropa-tipped darts
Armour
 q - a +0 cloak (worn)
 r - a +2 helmet (worn)
 x - a +2 pair of gloves (worn)
 N - the +4 ring mail of Day (worn) {rC++ Regen+ Int-5 Dex+2}
   (You found it on level 12 of the Dungeon)

   Int:       It affects your intelligence (-5).
   Dex:       It affects your dexterity (+2).
   rC:        It greatly protects you from cold.
   Regen:     It increases your rate of health regeneration.
Jewellery
 y - a ring of ice
 A - a ring of willpower (right hand)
 E - a ring of wizardry
 F - a ring of positive energy (left hand)
Wands
 c - a wand of flame (30)
 d - a wand of charming (3)
 z - a wand of acid (8)
 K - a wand of digging (5)
Scrolls
 e - 2 scrolls of poison
 f - 3 scrolls of identify
 h - 4 scrolls of enchant weapon
 i - a scroll of torment
 k - a scroll of butterflies
 l - 2 scrolls of fog
 n - a scroll of vulnerability
 t - 7 scrolls of teleportation
 H - a scroll of magic mapping
 I - 2 scrolls of amnesia
Potions
 o - 3 potions of heal wounds
 p - 3 potions of curing
 s - a potion of haste
 u - a potion of cancellation
 v - 7 potions of enlightenment
 w - 3 potions of might
 C - 8 potions of attraction
 D - a potion of lignification
 G - a potion of brilliance
 J - a potion of mutation
 L - a potion of berserk rage {unknown}
 M - a potion of ambrosia {unknown}


   Skills:
 - Level 4.0 Fighting
 - Level 8.0 Short Blades
 + Level 11.7 Ranged Weapons
 - Level 6.0 Throwing
 - Level 2.4 Armour
 - Level 0.6 Dodging
 - Level 1.3 Stealth
 - Level 3.0 Evocations


You had 10 spell levels left.
You didn't know any spells.
Your spell library contained the following spells:

 Spells                   Type           Power      Damage    Failure   Level
 Sandblast                Erth           0%         2d4       65%         1
 Shock                    Conj/Air       0%         1d3       65%         1
 Passwall                 Tmut/Erth      0%         N/A       78%         2
 Static Discharge         Conj/Air       0%         2-2/arc   78%         2
 Stone Arrow              Conj/Erth      0%         3d7       95%         3
 Swiftness                Air            0%         N/A       95%         3
 Tukima's Dance           Hex            0%         N/A       95%         3
 Airstrike                Air            0%         2d(0-16)  100%        4
 Anguish                  Hex/Necr       0%         N/A       100%        4
 Cause Fear               Hex            0%         N/A       100%        4
 Passage of Golubria      Tloc           0%         N/A       100%        4
 Summon Ice Beast         Ice/Summ       0%         N/A       100%        4
 Summon Lightning Spire   Summ/Air       0%         N/A       100%        4
 Alistair's Intoxication  Tmut/Pois      0%         N/A       100%        5
 Borgnjor's Vile Clutch   Necr/Erth      0%         N/A       100%        5
 Silence                  Hex/Air        0%         N/A       100%        5
 Summon Mana Viper        Hex/Summ       0%         N/A       100%        5
 Yara's Violent Unravell  Hex/Tmut       0%         3d3       100%        5
 Eringya's Noxious Bog    Tmut/Pois      0%         N/A       100%        6
 Enfeeble                 Hex            0%         N/A       100%        7
 Monstrous Menagerie      Summ           0%         N/A       100%        7
 Lehudib's Crystal Spear  Conj/Erth      0%         10d2      100%        8


Dungeon Overview and Level Annotations

Branches:
Dungeon (12/15)            Temple (0/1) D:6            Lair (0/5) D:11
    Orc (0/2) D:9           Sewer (visited)         Ossuary (visited)

Altars:
Ashenzari
Dithmenos
Gozag
Makhleb
Nemelex Xobeh
Okawaru
Trog
Vehumet
Yredelemnul
Zin

Shops:
D:5 (   D:8 !

Portals:
Trove: D:11 (give +3 shadow dragon scales)

Annotations:
D:3 exclusion: downstairs
D:4 Edmund
D:9 3 runed translucent doors, osoart's ghost, novice DrBe
D:11 Snorg
D:12 Nessos


Innate Abilities, Weirdness & Mutations

You are completely covered in rugged brown scales. (AC +3, +7% HP)
Armour fits poorly on your strangely shaped body.
You have a long armoured tail.
You roll when moving toward enemies. (Rampage)
Your long tongue fully drains potion bottles. (2x potion effects)
Your tongue gives you trouble enunciating. (1.5x scroll delay)


Message History

You feel better.
You slurp down every last drop of the potion of curing!
Nessos mumbles some strange words.
Nessos blinks!
Unknown command.
Nessos shoots an arrow.
The arrow hits you! The arrow burns you.
You are poisoned.
Nessos shoots an arrow.
The arrow hits you!
* * * LOW HITPOINT WARNING * * *
The arrow burns you.
You are more poisoned.
* * * LOW HITPOINT WARNING * * *
You feel better.
You slurp down every last drop of the potion of curing!
Nessos shoots an arrow.
The arrow hits you but does no damage.
Nessos shoots an arrow.
The arrow hits you. The arrow burns you.
Nessos shoots an arrow.
The arrow hits you. The arrow burns you.
Okay, then.
Okay, then.
Nessos shoots an arrow.
The arrow hits you!
* * * LOW HITPOINT WARNING * * *
The arrow burns you.
You are poisoned.
* * * LOW HITPOINT WARNING * * *
Nessos shoots an arrow.
The arrow hits you but does no damage.
There is a stone staircase leading up, spattered with blood here.
Unknown command.
Unknown command.
Unknown command.
Unknown command.
Unknown command.
Unknown command.
You feel better.
You slurp down every last drop of the potion of curing!
Nessos shoots an arrow.
The arrow hits you!!
* * * LOW HITPOINT WARNING * * *
The arrow burns you!
You are lethally poisoned!
You die...
Your body crumbles into a pile of gold.

####.)...)....###########...# #
#...)......###### #...# #
#...........c...######...# #
#........................# #
#...####.................# #...#
#...##..#######...#
#...####...##..# #...# #.. #
#..........##..# #...# #..
####............@.# #)).# #..
..................# #..># #..
..................# #...###..
..................#######........
........)).......................
........)........................
....................######..###..
....................# #..# #..
....................# #..# #..


You could see Nessos (fast).

Vanquished Creatures
  Fannar (D:12)
  2 two-headed ogres
  A boulder beetle (D:11)
  A cyclops (D:12)
  An elephant (D:11)
  An unseen horror (D:12)
  An efreet (D:10)
  2 trolls
  Sigmund (D:4)
  11 yaks
  3 vampires
  A wraith (D:11)
  3 wyverns
  A basilisk (D:12)
  2 steam dragons
  A warg (D:9)
  An acid dragon (D:8)
  2 water moccasins
  2 ice beasts (D:6)
  3 black bears
  4 orc warriors
  A sky beast (D:8)
  An ogre (D:9)
  8 centaurs
  4 kobold brigands
  2 gnoll sergeants
  3 scorpions
  5 bullfrogs
  5 wights
  4 jellies
  8 killer bees
  3 howler monkeys
  3 hounds
  3 orc priests
  11 orc wizards
  A sleepcap (D:6)
  Natasha (thrice) (D:2)
  14 mummies
  11 gnolls
  6 river rats
  11 adders
  3 shadow imps
  2 white imps
  An ufetubus (D:7)
  A worm (Sewer)
  3 dart slugs
  34 orcs
  10 ball pythons
  16 bats
  6 endoplasms
  4 giant cockroaches
  8 goblins
  4 hobgoblins
  5 jackals
  24 kobolds
  4 quokkas
  4 frilled lizards
  4 goblin skeletons (Ossuary)
  A goblin zombie (D:8)
  3 kobold skeletons (Ossuary)
  A kobold zombie (D:8)
  An orc skeleton (Ossuary)
  7 rats
  11 rat skeletons (Ossuary)
  A spectral orc (D:6)
310 creatures vanquished.

Vanquished Creatures (collateral kills)
  A centaur (D:5)
  A gnoll sergeant (D:5)
  2 killer bees (D:6)
  A hobgoblin (D:9)
  2 ball pythons (Sewer)
7 creatures vanquished.

Vanquished Creatures (others)
  An orc warrior (D:9)
  A killer bee (D:6)
  A river rat (Sewer)
  A white imp (D:8)
4 creatures vanquished.

Grand Total: 321 creatures vanquished

Notes
Turn   | Place    | Note
-------+----------+-------------------------------------------
     0 | D:1      | ragingrage the Armataur Artificer began the quest for the
                  | Orb.
     0 | D:1      | Reached XP level 1. HP: 16/16 MP: 1/1
    42 | D:1      | Reached skill level 1 in Fighting
   133 | D:1      | Reached skill level 1 in Short Blades
   135 | D:1      | Reached XP level 2. HP: 19/24 MP: 2/2
   444 | D:1      | Reached XP level 3. HP: 22/29 MP: 3/3
   687 | D:2      | Found a faded altar of an unknown god.
   908 | D:2      | Noticed Natasha
   925 | D:2      | Killed Natasha
  1101 | D:2      | Noticed Natasha
  1134 | D:2      | HP: 1/29 [cerulean imp/+1 spear[Natasha] (4)]
  1137 | D:2      | Killed Natasha
  1138 | D:2      | Reached XP level 4. HP: 2/37 MP: 4/4
  1194 | D:2      | Noticed Natasha
  1538 | D:2      | Killed Natasha
  1706 | D:3      | Reached XP level 5. HP: 39/42 MP: 5/5
  2375 | D:4      | Found a glowing drain.
  2493 | D:4      | Noticed an orc warrior
  2521 | Sewer    | Entered a sewer
  2621 | Sewer    | Reached skill level 5 in Short Blades
  2959 | Sewer    | Reached XP level 6. HP: 31/50 MP: 6/6
  3406 | D:4      | Noticed Edmund
  3485 | D:4      | Found an opulent altar of Gozag.
  3487 | D:4      | Found a bloodstained altar of Trog.
  3491 | D:4      | Noticed Sigmund
  3501 | D:4      | Killed Sigmund
  3556 | D:4      | Became a worshipper of Gozag Ym Sagoz the Greedy
  3619 | D:5      | Entered Level 5 of the Dungeon
  3798 | D:5      | Found Vehuonof's Antique Weapon Shoppe.
  3929 | D:5      | Reached XP level 7. HP: 11/55 MP: 7/7
  5136 | D:4      | Reached XP level 8. HP: 17/65 MP: 8/8
  5156 | D:4      | Reached skill level 1 in Ranged Weapons
  5566 | D:6      | Reached skill level 1 in Throwing
  5945 | D:6      | Reached skill level 2 in Ranged Weapons
  6408 | D:6      | Found an iron altar of Okawaru.
  6418 | D:6      | Found a broken altar of Ashenzari.
  6418 | D:6      | Found a shadowy altar of Dithmenos.
  6423 | D:6      | Found a glowing silver altar of Zin.
  6816 | D:6      | Reached skill level 3 in Ranged Weapons
  7028 | D:6      | Reached skill level 5 in Throwing
  7292 | D:6      | Reached XP level 9. HP: 57/74 MP: 9/9
  7406 | D:6      | Found a staircase to the Ecumenical Temple.
  7471 | D:6      | Found a basalt altar of Yredelemnul.
  7855 | D:7      | Reached skill level 4 in Ranged Weapons
  8412 | D:7      | Reached skill level 5 in Ranged Weapons
  9262 | D:8      | Found a sand-covered staircase.
  9279 | Ossuary  | Entered an ossuary
  9624 | Ossuary  | Reached skill level 6 in Ranged Weapons
 10020 | D:8      | HP: 1/75 [steam dragon (3)]
 10360 | D:8      | Found Ujos's Distillery.
 10367 | D:8      | Bought a potion of mutation for 80 gold pieces
 10682 | D:9      | Reached skill level 7 in Ranged Weapons
 10720 | D:9      | Reached XP level 10. HP: 55/83 MP: 10/10
 11074 | D:9      | Found a staircase to the Orcish Mines.
 11758 | D:5      | Bought the +8 storm bow {elec, penet} for 1327 gold pieces
 11758 | D:5      | Found the +8 storm bow {elec, penet}
 11971 | D:8      | Reached skill level 8 in Ranged Weapons
 12477 | D:9      | Found a runed translucent gate.
 12478 | D:9      | Found a runed translucent gate.
 12478 | D:9      | Found a runed translucent gate.
 12481 | D:9      | Noticed osoart's ghost (novice DrBe)
 13023 | D:9      | Reached skill level 9 in Ranged Weapons
 13136 | D:9      | Found a burning altar of Makhleb.
 13524 | D:10     | Entered Level 10 of the Dungeon
 13529 | D:10     | Noticed a two-headed ogre
 13538 | D:10     | Killed a two-headed ogre
 13911 | D:10     | Found a radiant altar of Vehumet.
 14309 | D:10     | Reached skill level 10 in Ranged Weapons
 14313 | D:10     | Reached XP level 11. HP: 89/89 MP: 11/11
 14330 | D:10     | Found a sparkling altar of Nemelex Xobeh.
 14703 | D:11     | Noticed Snorg
 14755 | D:11     | Noticed a boulder beetle
 14769 | D:11     | Killed a boulder beetle
 14877 | D:11     | Found a portal to a secret trove of treasure.
 14906 | D:11     | Found a sparkling altar of Nemelex Xobeh.
 15206 | D:11     | Found a staircase to the Lair.
 15744 | D:12     | Reached skill level 11 in Ranged Weapons
 16176 | D:12     | Identified the +4 ring mail of Day {rC++ Regen+ Int-5
                  | Dex+2}
 16348 | D:12     | Noticed Fannar
 16352 | D:12     | Noticed a two-headed ogre
 16362 | D:12     | Killed a two-headed ogre
 16370 | D:12     | Killed Fannar
 16419 | D:12     | Noticed Nessos
 16448 | D:12     | Shot with an arrow by Nessos

Illustrated notes

Levels and vault maps discovered:
D:1:      dpeg_arrival_rooms_c, layout_loops_ring
D:2:      layout_basic, hellmonk_ecumenical_altar_heavens_door, uniq_natasha
D:3:      layout_rooms
D:4:      layout_cave_pods, mainiacjoe_overflow_alcove_4,
          mainiacjoe_overflow_catwalk_spiral, portal_sewer_entry_b,
          minmay_lizard_king, uniq_sigmund, uniq_edmund
D:5:      layout_loops_corners, serial_shops, shop, minmay_manual_mares
D:6:      layout_cave_pools, yredelemnul_forgotten_temple_becter,
          grunt_temple_overflow_open, minmay_temple_entry_large_hall,
          minmay_fractal_squares_5
D:7:      layout_basic, chequers_serial_rivers_small_3
D:8:      layout_basic, serial_shops, nicolae_shop_rolling_square,
          nicolae_ossuary_entry_giza
D:9:      layout_layer_cave, amcnicky_altar_gilded, erik_orc_3,
          ebering_ghost_rock_garden
D:10:     layout_layer_cave, lemuel_tele_altar, lemuel_doored_altar,
          minmay_starry_boxes
D:11:     layout_loops_corners, david_lair_generic, enter_trove_0,
          fungi_pond_lemuel, nemelex_lonely_heart_becter, uniq_snorg
D:12:     layout_small_grid, serial_shops, nicolae_shop_industrial_runoff,
          uniq_fannar, uniq_nessos

Skill      XL: |  1  2  3  4  5  6  7  8  9 10 11 |
---------------+----------------------------------+-----
Fighting       | 1 2 4 |  4.0
Short Blades   | 1 2 3 4 5 6 8 |  8.0
Ranged Weapons | 3 7 10 11 | 11.7
Throwing       | 5 6 |  6.0
Armour         | |  2.4
Dodging        | |  0.6
Stealth        | |  1.3
Evocations     | |  3.0

Action                     |  1- 3 |  4- 6 |  7- 9 | 10-12 || total
---------------------------+-------+-------+-------+-------++-------
  Melee: Club              |    17 |       |       |       ||    17
         Dagger            |   129 |   119 |       |       ||   248
         Tailslap          |    20 |    31 |    81 |    16 ||   148
         Punch             |     1 |     4 |     6 |       ||    11
         Short sword       |       |   179 |   489 |    96 ||   764
   Fire: Orcbow            |       |       |   280 |    31 ||   311
         Longbow           |       |       |       |   230 ||   230
  Throw: Dart              |       |       |    15 |     6 ||    21
         Javelin           |       |       |    10 |       ||    10
  Evoke: Wand              |       |     9 |    20 |     1 ||    30
    Use: Potion            |       |     2 |     3 |     4 ||     9
         Scroll            |       |       |    14 |     5 ||    19
   Stab: Sleeping          |     3 |     1 |     2 |       ||     6
         Distracted        |       |       |       |     3 ||     3
 Armour: Leather armour    |    59 |    94 |       |       ||   153
         Robe              |       |    32 |   230 |    37 ||   299
         Ring mail         |       |       |       |    22 ||    22
  Dodge: Dodged            |    62 |   138 |   216 |    80 ||   496

Table legend: (Time is in decaauts)
 A = Elapsed time spent in this place.
 B = Non-inter-level travel time spent in this place.
 C = Inter-level travel time spent in this place.
 D = Time resting spent in this place.
 E = Time spent auto-exploring this place.
 F = Levels seen in this place.
 G = Mean time per level.
                   A        B        C        D        E       F      G
               +--------+--------+--------+--------+--------+-----+--------+
         Total |  16297 |  15548 |    749 |   3492 |   8853 |  14 | 1164.1 |
       Dungeon |  14716 |  13967 |    749 |   3081 |   8060 |  12 | 1226.3 |
         Sewer |    853 |    853 |      0 |    253 |    406 |   1 |  853.0 |
       Ossuary |    728 |    728 |      0 |    158 |    387 |   1 |  728.0 |
               +--------+--------+--------+--------+--------+-----+--------+

Top non-repeatable levels by time:
     D:9: 2337 daAuts
     D:5: 2016 daAuts
     D:6: 1753 daAuts
     D:8: 1364 daAuts
     D:7: 1262 daAuts
    D:10: 1162 daAuts
     D:2: 1077 daAuts
    D:11: 1038 daAuts
   Sewer: 853 daAuts
    D:12: 756 daAuts
 Ossuary: 728 daAuts
     D:3: 715 daAuts
     D:1: 644 daAuts
     D:4: 588 daAuts
